AoeStats
← | ArCas | Toruk Makto

African Clearing

505151272Analyzed
4v4 RM · 24d ago on Sep 8, 2026· 39m 18s· 8 players
Game mode
Random Map
Map size
Large (8 player)
Population
200
Speed
Normal
Resources
Standard
Victory
Conquest
Starting age
Dark Age
Ending age
Imperial Age
RankedLock teamsTeams togetherTeam positionsShared explorationLock speedFull tech treeHidden civsTurbo modeCheats
Victory
Defeat
🇦🇷 Khmer · Argentina
1292
+14
🇦🇷 Hindustanis · Argentina
1292
+14
🇲🇽 Khitans · Mexico
1288
+14
🇨🇳 Magyars · China
1263
+15
🇨🇦 Mongols · Canada
1280
-15
🇩🇪 Britons · Germany
1266
-15
🇬🇧 Slavs · United Kingdom
1246
-14
🇵🇪 Lithuanians · Peru
1205
-13
GoOverlay.com | AwE
6:58 Loom
14:25 Feudal Age
20:15 Castle Age
19:02 Fletching
19:12 Padded Archer Armor
19:06 Double-Bit Axe
19:34 Horse Collar
20:18 Padded Archer Armor
25:52 Wheelbarrow
25:23 Pikeman
25:36 Crossbowman
31:58 Bodkin Arrow
32:18 Leather Archer Armor
shotguNs ツ
8:30 Loom
14:06 Feudal Age
14:57 Double-Bit Axe
19:19 Castle Age
20:09 Scale Barding Armor
26:44 Bloodlines
27:37 Wheelbarrow
27:54 Gold Mining
28:16 Bow Saw
27:57 Fletching
30:12 Stone Mining
30:31 Thumb Ring
31:09 Husbandry
31:35 Bodkin Arrow
32:15 Padded Archer Armor
36:30 Gold Shaft Mining
36:48 Leather Archer Armor
37:19 Ballistics
38:01 Forging
Peru_Rush
5:12 Loom
12:16 Feudal Age
13:38 Feudal Age
17:51 Castle Age
16:52 Stone Mining
30:45 Fletching
34:51 Double-Bit Axe
Chianti | AwE
2:51 Loom
12:07 Feudal Age
12:35 Double-Bit Axe
12:31 Horse Collar
19:10 Wheelbarrow
19:09 Forging
19:04 Scale Barding Armor
24:54 Castle Age
24:24 Bloodlines
25:01 Light Cavalry
25:58 Bow Saw
25:49 Heavy Plow
26:39 Iron Casting
26:24 Chain Barding Armor
26:57 Pikeman
27:38 Squires
27:39 Scale Mail Armor
29:16 Chain Mail Armor
31:11 Stone Mining
31:07 Man-at-Arms
35:41 Hand Cart
:) YO30830
3:51 Loom
13:10 Feudal Age
17:50 Castle Age
16:42 Double-Bit Axe
19:16 Bow Saw
23:02 Domestication
25:29 Pikeman
30:47 Forging
31:16 Pastoralism
31:38 Gambesons
31:53 Squires
37:25 Iron Casting
40:53 Imperial Age
39:01 Wheelbarrow
39:28 Scale Mail Armor
| ArCas | Toruk Makto
12:54 Feudal Age
13:44 Loom
17:15 Castle Age
15:17 Double-Bit Axe
17:46 Forging
27:46 Town Watch
37:02 Bloodlines
40:26 Wheelbarrow
菜菜的菜菜
12:07 Feudal Age
10:23 Loom
17:19 Double-Bit Axe
19:22 Scale Barding Armor
21:24 Castle Age
20:53 Gold Mining
21:48 Light Cavalry
24:38 Bloodlines
25:01 Husbandry
26:44 Town Watch
29:10 Chain Barding Armor
29:42 Wheelbarrow
32:52 Fletching
34:00 Hand Cart
35:35 Bow Saw
35:07 Horse Collar
39:21 Gold Shaft Mining
41:27 Imperial Age
Bitt
11:12 Loom
13:22 Feudal Age
18:03 Castle Age
16:20 Double-Bit Axe
17:50 Scale Barding Armor
17:56 Gold Mining
26:00 Husbandry
30:56 Bow Saw
30:27 Horse Collar
30:38 Horse Collar
31:48 Town Watch
34:01 Wheelbarrow
34:35 Chain Barding Armor
35:14 Heavy Plow
38:52 Imperial Age
36:40 Hand Cart
36:26 Town Patrol
37:19 Masonry
37:27 Forging
38:03 Clinker Construction
39:13 Iron Casting
38:53 Bloodlines
38:57 Heavy Camel Rider
Connection lost

Rejoining the realm…

Still unreachable

The connection could not be restored.

Session expired

The server has moved on; the page needs a fresh start.